 Dungeon Crawl Stone Soup version 0.29.1-15-g9cfb28693d (webtiles) character file.

Game seed: 3154831218064620863

88 hawla the Chiller (level 5, -1/38 HPs)
             Began as a Meteoran Ice Elementalist on Apr 13, 2023.
             Slain by a phantom (3 damage)
             ... on level 3 of the Dungeon.
             The game lasted 00:03:10 (387 turns).

hawla the Chiller (Meteoran Ice Elementalist)        Turns: 387, Time: 00:03:10

Health: -1/38      AC:  2    Str: 10    XL:     5   Next: 9%
Magic:  11/11      EV: 12    Int: 18    God:
Gold:   41         SH:  0    Dex: 14    Spells: 3/11 levels left

rFire   . . .      SeeInvis .   (no weapon)
rCold   . . .      Faith    .   (no shield)
rNeg    . . .      Spirit   .   a - +0 robe
rPois   .          Reflect  .   (no helmet)
rElec   .          Harm     .   (no cloak)
rCorr   .          Rampage  .   (no gloves)
Will    .....                   (no boots)
Stlth   +.........              (no amulet)
HPRegen 0.12/turn               (no ring)
MPRegen 0.12/turn               (no ring)

@: glowing
A: sense surroundings 1, otherworldly, glowing, explore regen
a: no special abilities


You were on level 3 of the Dungeon.
You visited 1 branch of the dungeon, and saw 4 of its levels.

You collected 41 gold pieces.

Inventory:

Armour
 a - a +0 robe (worn)
 c - a +0 cloak
Jewellery
 d - the amulet of Wedwuc {Reflect Regen+ rCorr Dex+4 SH+5}
   (You found it on level 4 of the Dungeon)

   [amulet of reflection]

   It reflects blocked missile attacks.
   Dex:       It affects your dexterity (+4).
   Regen:     It increases your rate of health regeneration.
   rCorr:     It protects you from acid and corrosion.
   SH:        It affects your SH (+5).
Potions
 b - a potion of magic


   Skills:
 - Level 0.1 Fighting
 - Level 2.7 Dodging
 - Level 1.4 Stealth
 - Level 3.5 Spellcasting
 + Level 1.6 Conjurations
 - Level 5.5 Ice Magic


You had 3 spell levels left.
You knew the following spells:

 Your Spells              Type           Power      Damage    Failure   Level
a - Freeze                Ice            92%        1d10      1%          1
b - Frozen Ramparts       Ice            46%        1d7       4%          3
c - Hailstorm             Conj/Ice       16%        3d6       34%         4

Your spell library contained the following spells:

 Spells                   Type           Power      Damage    Failure   Level
 Ozocubu's Armour         Ice            23%        N/A       4%          3
 Ignite Poison            Fire/Tmut/Pois 3%         N/A       43%         3
 Inner Flame              Hex/Fire       3%         N/A       43%         3
 Death's Door             Necr           1%         N/A       100%        9


Dungeon Overview and Level Annotations

Branches:
Dungeon (4/15) Zot: 2013
 Temple: D:4-7

Altars:

Annotations:
D:4 2 transporters, unlimited1921's ghost, amateur DjFE


Innate Abilities, Weirdness & Mutations

You passively map a small area around you.
You are easily found by Zot.
You glow in the dark.
You regain HP and MP as you explore.


Message History

The phantom is lightly damaged.
The phantom completely resists.
The wall freezes the phantom but does no damage.
The phantom barely misses you.
Okay, then.
You aren't carrying any scrolls.
Unknown command.
You aren't carrying any items that you can evoke.
You hit the phantom.
The phantom is lightly damaged.
The phantom resists.
The wall freezes the phantom.
The phantom misses you.
You closely miss the phantom.
The phantom is lightly damaged.
The phantom resists.
The wall freezes the phantom.
The phantom closely misses you.
You closely miss the phantom.
The phantom is lightly damaged.
The phantom resists.
The wall freezes the phantom.
The phantom hits you.
The phantom blinks!
You blink.
The frozen ramparts melt away as you move.
The phantom attacks as you move away! The phantom hits you.
* * * LOW HITPOINT WARNING * * *
You see here the amulet of Wedwuc {Reflect Regen+ rCorr Dex+4 SH+5}.
d - the amulet of Wedwuc {Reflect Regen+ rCorr Dex+4 SH+5} The phantom misses you.
Okay, then.
The phantom barely misses you.
There is an escape hatch in the ceiling here.
The phantom hits you.
* * * LOW HITPOINT WARNING * * *
A mysterious force pulls you upwards. The hatch slams shut behind you.
The phantom hits you.
* * * LOW HITPOINT WARNING * * *
The phantom attacks as you move away! The phantom hits you.
* * * LOW HITPOINT WARNING * * *
You open the door. The phantom hits you.
* * * LOW HITPOINT WARNING * * *
There is an open door here.
The phantom attacks as you move away! The phantom hits you.
You die...

###..# , #.#.#.##
##.## *#......# ,
#..#,, ###.#..#
##.# * #.#..# , *
#.#,, #.#..# , #.#
, #.#..# , #.# ,
#.#..# , ,
####W##.#####.#..#
#...@.........#..#,
#........... , *
#...........,
#........... *
.......#+#### **
........# ,,, ,
.........#
,....####.. + ,, ,
,


You could see a phantom.

Vanquished Creatures
  A scorpion (D:4)
  An adder (D:4)
  A dart slug (D:4)
  4 orcs (D:4)
  A goblin (D:4)
  2 hobgoblins (D:4)
  A quokka (D:1)
  2 ball pythons
  A kobold (D:1)
  2 rats
16 creatures vanquished.

Notes
Turn   | Place    | Note
-------+----------+-------------------------------------------
     0 | D:1      | hawla the Meteoran Ice Elementalist began the quest for the
                  | Orb.
     0 | D:1      | Reached XP level 1. HP: 14/14 MP: 5/5
     2 | D:1      | Got the Grimoire of the Wary Princes
   191 | D:4      | Reached XP level 2. HP: 20/20 MP: 3/6
   206 | D:4      | Noticed a scorpion
   218 | D:4      | Killed a scorpion
   219 | D:4      | Reached skill level 5 in Ice Magic
   219 | D:4      | Reached XP level 3. HP: 15/26 MP: 3/9
   219 | D:4      | Reached XP level 4. HP: 19/33 MP: 3/10
   223 | D:4      | Learned a level 3 spell: Frozen Ramparts
   234 | D:4      | Learned a level 4 spell: Hailstorm
   292 | D:4      | Noticed an ogre
   309 | D:4      | Found a transporter.
   310 | D:4      | Noticed unlimited1921's ghost (amateur DjFE)
   311 | D:4      | Found a transporter.
   313 | D:4      | Noticed an ogre
   347 | D:4      | Noticed a phantom
   354 | D:4      | Reached skill level 1 in Conjurations
   366 | D:4      | Reached XP level 5. HP: 18/38 MP: 7/11
   371 | D:4      | Identified the amulet of Wedwuc {Reflect Regen+ rCorr Dex+4
                  | SH+5}
   384 | D:3      | HP: 1/38 [phantom (6)]
   387 | D:3      | Slain by a phantom

Illustrated notes

Levels and vault maps discovered:
D:1:      psy_arrival_whirlpool, layout_basic,
          ebering_ecumenical_altar_sacrificial
D:2:      layout_loops_ring
D:3:      layout_basic
D:4:      layout_basic, old_standard_altar, gammafunk_ghost_smash,
          hangedman_decor_slide_cut, hangedman_abyss_or_decor_lesser_grid

Skill      XL: |  1  2  3  4 |
---------------+-------------+-----
Spellcasting   | 3 |  3.5
Ice Magic      | 5 |  5.5
Conjurations   | 1 |  1.6
Fighting       | |  0.1
Dodging        | |  2.7
Stealth        | |  1.4

Action                   |  1- 3 |  4- 6 || total
-------------------------+-------+-------++-------
Melee: Unarmed           |     8 |    13 ||    21
 Cast: Freeze            |    11 |     4 ||    15
       Frozen Ramparts   |       |     3 ||     3
       Hailstorm         |       |     1 ||     1
  Use: Scroll            |       |     1 ||     1
       Potion            |       |     1 ||     1
Armor: Robe              |     3 |     3 ||     6
Dodge: Dodged            |     7 |    16 ||    23
